 Dungeon Crawl Stone Soup version 0.30-a0-777-ga9a30cbeda (webtiles) character file.

Game seed: 13387501971673869637

176 Aneyh the Trooper (level 5, -3/36 HPs)
             Began as a Tengu Monk on Feb 13, 2023.
             Killed from afar by an orc wizard (12 damage)
             ... with a magic dart
             ... on level 3 of the Dungeon on Feb 14, 2023.
             The game lasted 00:06:07 (2718 turns).

Aneyh the Trooper (Tengu Monk)                      Turns: 2718, Time: 00:06:08

Health: -3/36      AC:  2    Str: 14    XL:     5   Next: 56%
Magic:  2/6        EV: 16    Int: 10    God:
Gold:   137        SH:  0    Dex: 22    Spells: 3/4 levels left

rFire   . . .      SeeInvis .    a - +0 spear
rCold   . . .      Faith    .    (no shield)
rNeg    . . .      Spirit   .    b - +0 robe
rPois   .          Reflect  .    (helmet restricted)
rElec   .          Harm     .    (no cloak)
rCorr   .          Rampage  .    (no gloves)
Will    +....                    (boots unavailable)
Stlth   ++                       (no amulet)
HPRegen 0.26/turn                h - ring of willpower
MPRegen 0.10/turn                o - +6 ring of dexterity

@: flying quickly and evasively, very slightly contaminated, quick
A: beak, talons 3, nimble flight
a: no special abilities


You were on level 3 of the Dungeon.
You visited 1 branch of the dungeon, and saw 3 of its levels.

You collected 137 gold pieces.

Inventory:

Hand Weapons
 a - a +0 spear (weapon)
 m - a +2 short sword of venom
 q - a +0 long sword
 r - a +1 dagger of electrocution
Missiles
 i - 2 javelins
 s - 4 poisoned darts
Armour
 b - a +0 robe (worn)
 l - the +1 ring mail of the Special Continents {rC+ Will- Str+3}
   (You found it on level 2 of the Dungeon)

   Str:       It affects your strength (+3).
   rC:        It protects you from cold.
   Will:      It decreases your willpower.
Jewellery
 h - a ring of willpower (left hand)
 o - a +6 ring of dexterity (right hand)
Scrolls
 e - 4 scrolls of identify {unknown}
 f - 2 scrolls of teleportation {unknown}
 k - 2 scrolls of fog {unknown}
 n - 3 scrolls of fear {unknown}
 p - a scroll of enchant armour {unknown}
Potions
 c - a potion of ambrosia
 d - a potion of mutation {unknown}
 g - a potion of haste {unknown}
 j - a potion of heal wounds {unknown}


   Skills:
 + Level 6.0 Fighting
 - Level 3.2 Polearms
 - Level 3.2 Dodging
 - Level 2.0 Stealth
 - Level 1.0 Summonings


You had 3 spell levels left.
You knew the following spells:

 Your Spells              Type           Power      Damage    Failure   Level
a - Summon Small Mammal   Summ           8%         N/A       26%         1

Your spell library contained the following spells:

 Spells                   Type           Power      Damage    Failure   Level
 Apportation              Tloc           0%         N/A       36%         1
 Necrotise                Necr           0%         1d4       36%         1
 Slow                     Hex            0%         N/A       36%         1
 Confusing Touch          Hex            0%         N/A       75%         3
 Vampiric Draining        Necr           0%         2d6       75%         3
 Yara's Violent Unravell  Hex/Tmut       0%         3d3       100%        5
 Enfeeble                 Hex            0%         N/A       100%        7


Dungeon Overview and Level Annotations

Branches:
Dungeon (3/15)

Altars:
Makhleb
Xom
The Shining One

Shops:
D:2 [


Innate Abilities, Weirdness & Mutations

You have a beak for a mouth.
You have claws for feet.
Your magical nature lets you fly swiftly and evasively.


Message History

The orc hits your bat with a +0 hand axe.
Your bat dies!
Your bat's corpse disappears in a puff of smoke!
Items here: ) [ ††.
You closely miss the orc wizard.
The gnoll hits you from afar with a +3 spear.
The orc wizard hits you with a +0 dagger.
You swap places.
Your bat misses the orc wizard. The orc wizard barely misses your bat.
You are too injured to fight recklessly!
Reach: a) +0 spear
Press: ? - help, Dir - move target, f - orc wizard
Aim: an orc wizard, wielding a +0 dagger and wearing a +0 robe (about 37% to evade your +0 spear)
You reach to attack!
You hit the orc wizard.
The orc wizard is moderately wounded.
Your bat barely misses the orc wizard.
The orc wizard hits your bat with a +0 dagger.
Your bat dies!
Your bat's corpse disappears in a puff of smoke!
You are too injured to fight recklessly!
Casting: Summon Small Mammal (safe; 26% risk of failure)
Press: ? - help, Q - select action, (/) - cycle Dir - look around, f - activate You miscast Summon Small Mammal.
You are very lightly contaminated with residual magic.
Nothing appears to happen.
Casting: Summon Small Mammal (safe; 26% risk of failure)
Press: ? - help, Q - select action, (/) - cycle Dir - look around, f - activate You miscast Summon Small Mammal.
Nothing appears to happen.
The orc wizard hits you with a +0 dagger.
You closely miss the orc wizard. You claw the orc wizard.
You peck the orc wizard.
The orc wizard is severely wounded.
You hit the orc wizard but do no damage.
You peck the orc wizard.
The orc wizard is almost dead.
The gnoll hits you from afar with a +3 spear.
* * * LOW HITPOINT WARNING * * *
The orc wizard casts a spell at you. The magic dart hits you!
You die...

#...# #######
#...# #......
#...#####......
####..............
#.................
#.####............
#.# #............
##.#
#######......#
#.@##.....
###....#
#o##...... ##...#
#g#....... ##..#
#o#.....#. #..#
#.)....... ##.#
###......$ #..
......# #..
......[ ###
#......


You could see an orc wizard, a gnoll and an orc.

Vanquished Creatures
  An orc wizard (D:3)
  4 adders (D:3)
  A worm (D:2)
  2 dart slugs (D:3)
  9 orcs (D:3)
  5 endoplasms
  A giant cockroach (D:1)
  5 goblins
  5 hobgoblins
  2 quokkas (D:2)
  9 ball pythons
  6 bats
  2 frilled lizards (D:1)
  3 kobolds
  9 rats
64 creatures vanquished.

Vanquished Creatures (collateral kills)
  A crimson imp (D:3)
  An orc (D:3)
2 creatures vanquished.

Grand Total: 66 creatures vanquished

Notes
Turn   | Place    | Note
-------+----------+-------------------------------------------
     0 | D:1      | Aneyh the Tengu Monk began the quest for the Orb.
     0 | D:1      | Reached XP level 1. HP: 14/14 MP: 2/2
   182 | D:1      | Reached XP level 2. HP: 19/19 MP: 3/3
   795 | D:2      | Found a glowing golden altar of the Shining One.
   849 | D:2      | Found Coemniamp's Antique Armour Shop.
   945 | D:2      | Reached skill level 4 in Fighting
   979 | D:2      | Reached XP level 3. HP: 24/24 MP: 4/4
  1215 | D:2      | Identified the +1 ring mail of the Special Continents {rC+
                  | Will- Str+3}
  1231 | D:2      | Learned a level 1 spell: Summon Small Mammal
  1512 | D:3      | Reached XP level 4. HP: 30/30 MP: 5/5
  1541 | D:3      | Reached skill level 5 in Fighting
  2265 | D:3      | Gained mutation: Your magical nature lets you fly swiftly
                  | and evasively. [Tengu growth]
  2265 | D:3      | Reached XP level 5. HP: 20/35 MP: 4/6
  2270 | D:3      | Reached skill level 1 in Summonings
  2362 | D:3      | Found a shimmering altar of Xom.
  2366 | D:3      | Found a burning altar of Makhleb.
  2707 | D:3      | Reached skill level 6 in Fighting
  2718 | D:3      | Killed from afar by an orc wizard

Illustrated notes

Levels and vault maps discovered:
D:1:      roderic_crossed_star, layout_loops_corners
D:2:      layout_rooms, serial_shops, shop, basic_altar,
          kennysheep_generic_room_13
D:3:      kb_forest_paths, layout_basic,
          grunt_temple_overflow_champion_of_chaos, kennysheep_potato

Skill      XL: |  1  2  3  4  5 |
---------------+----------------+-----
Fighting       | 4 5 6 |  6.0
Summonings     | 1 |  1.0
Polearms       | |  3.2
Dodging        | |  3.2
Stealth        | |  2.0

Action                     |  1- 3 |  4- 6 || total
---------------------------+-------+-------++-------
  Melee: Spear             |   111 |    74 ||   185
         Kick              |    18 |    19 ||    37
         Peck              |    11 |    15 ||    26
         Punch             |     1 |       ||     1
  Throw: Dart              |     4 |       ||     4
   Cast: Summon Small Mamm |     3 |    16 ||    19
   Stab: Sleeping          |    10 |     2 ||    12
         Distracted        |     1 |     1 ||     2
 Armour: Robe              |    21 |     4 ||    25
  Dodge: Dodged            |    43 |    34 ||    77

Table legend: (Time is in decaauts)
 A = Elapsed time spent in this place.
 B = Non-inter-level travel time spent in this place.
 C = Inter-level travel time spent in this place.
 D = Time resting spent in this place.
 E = Time spent auto-exploring this place.
 F = Levels seen in this place.
 G = Mean time per level.
                   A        B        C        D        E       F      G
               +--------+--------+--------+--------+--------+-----+--------+
         Total |   2696 |   2559 |    137 |    596 |   1500 |   3 |  898.7 |
       Dungeon |   2696 |   2559 |    137 |    596 |   1500 |   3 |  898.7 |
               +--------+--------+--------+--------+--------+-----+--------+

Top non-repeatable levels by time:
     D:3: 1252 daAuts
     D:1: 789 daAuts
     D:2: 654 daAuts
